 Dungeon Crawl Stone Soup version 0.31.0-9-g3a7656b989 (webtiles) character file.

Game seed: 2844095732345858310

1479 qw the Skirmisher (level 8, -4/46 HPs)
             Began as a Deep Elf Hunter on Feb 2, 2024.
             Slain by a wight
             ... wielding a +0 battleaxe
              (5 damage)
             ... on level 7 of the Dungeon.
             The game lasted 00:00:24 (4348 turns).

qw the Skirmisher (Deep Elf Hunter)                 Turns: 4348, Time: 00:00:24

Health: -4/46      AC: 12    Str: 10    XL:     8   Next: 50%
Magic:  10/10      EV: 12    Int: 15    God:
Gold:   286        SH:  0    Dex: 18    Spells: 7/7 levels left

rFire   . . .        a - +2 shortbow (drain)
rCold   . . .        (shield currently unavailable)
rNeg    . . .        n - +0 ring mail
rPois   .            d - +2 helmet
rElec   .            g - +2 cloak
rCorr   .            (no gloves)
SInv    .            k - +0 pair of boots
Will    .....        (no amulet)
Stlth   +            (no ring)
HPRegen 0.27/turn    (no ring)
MPRegen 0.12/turn

%: no passive effects
@: lethally poisoned (-4 -> -7), about to teleport, hasted, very quick
A: no striking features
a: no special abilities


You were on level 7 of the Dungeon.
You visited 2 branches of the dungeon, and saw 8 of its levels.
You also visited: Sewer.

You collected 286 gold pieces.


   Skills:
 - Level 3.0 Fighting
 + Level 13.0 Ranged Weapons
 - Level 1.8 Armour
 - Level 4.5 Dodging
 - Level 1.2 Stealth


You had 7 spell levels left.
You didn't know any spells.
Your spell library was empty.

Inventory:

Hand Weapons
 a - a +2 shortbow of draining (weapon)
Armour
 d - a +2 helmet (worn)
 g - a +2 cloak (worn)
 k - a +0 pair of boots (worn)
 n - a +0 ring mail (worn)
Wands
 l - a wand of flame (11)
Scrolls
 i - a scroll of teleportation
Potions
 c - a potion of magic {unknown}
 e - 2 potions of might
 f - 4 potions of haste
 h - 4 potions of curing

Dungeon Overview and Level Annotations

Branches:
Dungeon (7/15)             Temple (1/1) D:5           Sewer (visited)

Altars:
Ashenzari
Cheibriados
Dithmenos
Elyvilon
Gozag
Hepliaklqana
Nemelex Xobeh
Qazlal
Sif Muna
Uskayaw
Wu Jian
Xom
Yredelemnul
Zin
The Shining One

Annotations:
D:2 1 runed translucent door, Crazy Yiuf
D:6 exclusion: moth of wrath


Message History

You feel strangely unstable.
You feel very sick. The killer bee closely misses you.
The killer bee stings you but does no damage.
The killer bee misses you.
4339 ||| DRINKING potion of heal wounds.
You feel much better.
You feel very sick.
The killer bee stings you but does no damage. x2
You shoot an arrow. The arrow misses the killer bee.
You feel sick. The killer bee barely misses you. The killer bee stings you.
You shoot an arrow.
The arrow closely misses the killer bee.
You feel sick. The killer bee barely misses you.
The killer bee stings you but does no damage.
You shoot an arrow. The arrow hits the killer bee!
The killer bee is severely wounded.
Your surroundings suddenly seem different. 2 wights come into view.
You feel sick.
You shoot an arrow. The arrow closely misses the wight.
You feel sick.
You shoot an arrow. The arrow hits the wight!
The wight is heavily damaged.
You feel sick. The wight hits you with a +1 falchion!
You feel drained.
4345 ||| READING 2 scrolls of teleportation.
As you read the scroll of teleportation, it crumbles to dust.
You feel strangely unstable.
You feel sick. The wight closely misses you.
You shoot an arrow. The arrow hits the wight.
The wight is severely damaged.
You feel sick.
You shoot an arrow. The arrow hits the wight!
You destroy the wight!
You feel sick.
Your life force feels restored.
Your Ranged Weapons skill increases to level 13!
You shoot an arrow. The arrow completely misses the wight.
You feel sick. The wight hits you with a +0 battleaxe.
You die...

#........
.........
#........
#........
##........
#........
#z)......
#@.......
#........
.........
....######
######


You could see a wight.

Vanquished Creatures
  A water moccasin (D:6)
  A black bear (D:5)
  An ogre (D:5)
  A centaur (D:5)
  A phantom (D:5)
  2 kobold brigands (Sewer)
  A scorpion (D:4)
  A wight (D:7)
  3 killer bees (D:7)
  A howler monkey (D:6)
  2 hounds
  A gnoll bouda (D:5)
  2 orc priests
  3 sleepcaps
  Jessica (D:2)
  3 iguanas
  An orc wizard (D:4)
  Robin (D:3)
  8 gnolls
  6 adders
  A river rat (Sewer)
  A white imp (D:5)
  2 dart slugs
  9 orcs
  4 endoplasms
  6 giant cockroaches
  15 goblins
  10 hobgoblins
  9 jackals
  13 kobolds
  6 quokkas
  8 ball pythons
  2 bats (D:2)
  9 rats
136 creatures vanquished.

Notes
Turn   | Place    | Note
-------+----------+-------------------------------------------
     0 | D:1      | qw the Deep Elf Hunter began the quest for the Orb.
     0 | D:1      | Reached XP level 1. HP: 12/12 MP: 3/3
     0 | D:1      | 0 ||| qw: Version: 0.3-a-155-g5e7d8dd
     0 | D:1      | 0 ||| qw: Game counter: 787
     0 | D:1      | 0 ||| qw: Melee chars always use a shield: true
     0 | D:1      | 0 ||| qw: God list: Okawaru
     0 | D:1      | 0 ||| qw: Allow faded altars: false
     0 | D:1      | 0 ||| qw: Do Orc after clearing Dungeon:15 true
     0 | D:1      | 0 ||| qw: Do second Lair branch before Depths: true
     0 | D:1      | 0 ||| qw: Lair rune preference: random
     0 | D:1      | 0 ||| qw: Goals: Normal
     0 | D:1      | 0 ||| PLANNING D:1-11
   124 | D:1      | Noticed a great orb of eyes
   125 | D:1      | Found a faded altar of an unknown god.
   130 | D:1      | Reached XP level 2. HP: 16/16 MP: 4/4
   132 | D:1      | Noticed a great orb of eyes
   132 | D:1      | Noticed a golden eye
   132 | D:1      | Noticed a golden eye
   135 | D:1      | Reached skill level 6 in Ranged Weapons
   654 | D:1      | 654 ||| READING scroll labelled MOIMNEOMOU.
   659 | D:1      | 659 ||| READING scroll labelled ABOTRU YCHEF.
   659 | D:1      | 659 ||| BRANDING +0 shortbow.
   660 | D:1      | 660 ||| READING 3 scrolls labelled ALUIRE SEAJ.
   660 | D:1      | 660 ||| IDENTIFYING cyan potion
   661 | D:1      | 661 ||| READING 2 scrolls of identify.
   661 | D:1      | 661 ||| IDENTIFYING brown potion
   662 | D:1      | 662 ||| READING scroll of identify.
   662 | D:1      | 662 ||| IDENTIFYING bubbling red potion
   663 | D:1      | 663 ||| READING scroll labelled TUNEFE DUHIUL.
   663 | D:1      | 663 ||| ENCHANTING +0 shortbow of draining.
   664 | D:1      | 664 ||| DRINKING 2 orange potions.
   665 | D:1      | 665 ||| DROPPING scroll of butterflies.
   666 | D:1      | 666 ||| DROPPING potion of brilliance.
   753 | D:2      | Noticed Jessica
   760 | D:2      | Reached XP level 3. HP: 20/20 MP: 5/5
   762 | D:2      | Killed Jessica
   763 | D:2      | Reached skill level 7 in Ranged Weapons
   941 | D:2      | Reached XP level 4. HP: 25/25 MP: 6/6
   969 | D:2      | Found a runed translucent door.
   970 | D:2      | Noticed Crazy Yiuf
  1477 | D:2      | 1477 ||| UPGRADING to +0 cloak.
  1482 | D:2      | 1482 ||| READING scroll labelled YGOLLI UWEECW.
  1482 | D:2      | 1482 ||| ENCHANTING +0 cloak.
  1697 | D:3      | Noticed Robin
  1699 | D:3      | Reached skill level 8 in Ranged Weapons
  1707 | D:3      | HP: 6/25 [goblin/+0 dagger[Robin] (3)]
  1708 | D:3      | 1708 ||| READING 2 scrolls of teleportation.
  1709 | D:3      | HP: 2/25 [goblin/+0 dagger[Robin] (2)]
  1771 | D:3      | Killed Robin
  1982 | D:3      | Reached XP level 5. HP: 26/29 MP: 7/7
  2039 | D:3      | Found a hide-covered altar of Uskayaw.
  2059 | D:3      | Found a shadowy altar of Dithmenos.
  2203 | D:3      | 2203 ||| UPGRADING to +2 helmet.
  2208 | D:3      | 2208 ||| DROPPING ring of flight.
  2209 | D:3      | 2209 ||| READING scroll of identify.
  2209 | D:3      | 2209 ||| IDENTIFYING blue potion
  2210 | D:3      | 2210 ||| DRINKING 2 pink potions.
  2211 | D:3      | 2211 ||| DROPPING potion of invisibility.
  2277 | D:4      | You fall into a shaft and drop 2 floors!
  2287 | D:6      | 2287 ||| PLANNING SEWER
  2384 | D:6      | Reached skill level 9 in Ranged Weapons
  2399 | D:6      | Reached skill level 3 in Dodging
  2403 | D:6      | Reached XP level 6. HP: 30/35 MP: 8/8
  2480 | D:6      | Found a snail-covered altar of Cheibriados.
  2616 | D:6      | Noticed a water moccasin
  2617 | D:6      | 2617 ||| DRINKING potion of haste.
  2622 | D:6      | Killed a water moccasin
  2623 | D:6      | Reached skill level 10 in Ranged Weapons
  2654 | D:6      | 2654 ||| READING scroll of enchant weapon.
  2654 | D:6      | 2654 ||| ENCHANTING +1 shortbow of draining.
  2674 | D:6      | Found a glowing drain.
  2675 | D:6      | 2675 ||| UPGRADING to +0 scale mail.
  2685 | D:6      | 2685 ||| DROPPING +0 leather armour.
  2686 | D:6      | 2686 ||| UPGRADING to +0 ring mail.
  2696 | D:6      | 2696 ||| DROPPING +0 scale mail.
  2697 | D:6      | 2697 ||| READING 2 scrolls of identify.
  2697 | D:6      | 2697 ||| IDENTIFYING red potion
  2698 | D:6      | 2698 ||| READING scroll of identify.
  2698 | D:6      | 2698 ||| IDENTIFYING scroll labelled OVVUEH OFYA
  2699 | D:6      | 2699 ||| DROPPING potion of attraction.
  2700 | D:6      | 2700 ||| DROPPING scroll of revelation.
  2709 | Sewer    | Entered a sewer
  2712 | Sewer    | Reached XP level 7. HP: 40/40 MP: 9/9
  2745 | Sewer    | 2745 ||| READING scroll of enchant armour.
  2745 | Sewer    | 2745 ||| ENCHANTING +1 cloak.
  2842 | Sewer    | Reached skill level 1 in Armour
  2977 | D:6      | 2977 ||| PLANNING D:1-11
  2990 | D:5      | Entered Level 5 of the Dungeon
  2996 | D:5      | Reached skill level 11 in Ranged Weapons
  3252 | D:4      | Reached skill level 12 in Ranged Weapons
  3252 | D:4      | Reached XP level 8. HP: 44/44 MP: 10/10
  3722 | D:4      | 3722 ||| UPGRADING to +0 pair of boots.
  3727 | D:4      | 3727 ||| READING 2 scrolls of identify.
  3727 | D:4      | 3727 ||| IDENTIFYING smoky blue potion
  3728 | D:4      | 3728 ||| READING scroll of identify.
  3728 | D:4      | 3728 ||| IDENTIFYING scroll labelled FUOGEU PEOS
  3729 | D:4      | 3729 ||| DROPPING scroll of blinking.
  3730 | D:4      | 3730 ||| DROPPING potion of lignification.
  3809 | D:5      | Found a staircase to the Ecumenical Temple.
  3810 | D:5      | 3810 ||| PLANNING TEMPLE
  3818 | Temple   | Entered the Ecumenical Temple
  3819 | Temple   | 3819 ||| PLANNING D:1-11
  3864 | D:5      | Reached skill level 3 in Fighting
  4019 | D:5      | Found a broken altar of Ashenzari.
  4244 | D:6      | Noticed a moth of wrath
  4319 | D:7      | 4319 ||| RETREEEEATING.
  4322 | D:7      | 4322 ||| RETREEEEATING.
  4324 | D:7      | 4324 ||| RETREEEEATING.
  4325 | D:7      | 4325 ||| RETREEEEATING.
  4326 | D:7      | 4326 ||| DRINKING 5 potions of haste.
  4337 | D:7      | HP: 10/46 [poisoned by a killer bee]
  4338 | D:7      | 4338 ||| READING 3 scrolls of teleportation.
  4338 | D:7      | HP: 4/46 [poisoned by a killer bee]
  4339 | D:7      | 4339 ||| DRINKING potion of heal wounds.
  4344 | D:7      | HP: 7/46 [wight/+1 falchion (7)]
  4345 | D:7      | 4345 ||| READING 2 scrolls of teleportation.
  4345 | D:7      | HP: 3/45 [poisoned by a killer bee]
  4348 | D:7      | Reached skill level 13 in Ranged Weapons
  4348 | D:7      | HP: 1/46 [poisoned by a killer bee]
  4348 | D:7      | Slain by a wight

Levels and vault maps discovered:
D:1:      dpeg_arrival_chambers_temple_mockup, layout_basic,
          hellmonk_ecumenical_altar_watching_god, serial_bayou,
          serial_bayou_pond_e, serial_bayou_pond_e, serial_bayou_pond_a,
          serial_bayou_crossing
D:2:      layout_basic, minmay_pentomino_p2, uniq_jessica,
          uniq_crazy_yiuf_cottage
D:3:      layout_basic, mainiacjoe_overflow_swirl, uniq_robin
D:4:      layout_basic, minmay_unequal
D:5:      layout_rooms, cheibrodos_ashenzari_chains, minmay_temple_entry_glass,
          kennysheep_generic_room_3
D:6:      layout_cave_pools, tgw_trog, kennysheep_slug_shrine,
          portal_sewer_entry_f
D:7:      layout_gridville, lemuel_doored_altar, ebering_ghost_rock_garden
Temple:   jpeg_temple_clearing

Skill      XL: |  1  2  3  4  5  6  7  8 |
---------------+-------------------------+-----
Ranged Weapons | 6 7 8 9 10 12 13 | 13.0
Dodging        | 3 4 |  4.5
Fighting       | 2 3 |  3.0
Armour         | 1 |  1.8
Stealth        | |  1.2

Action                     |  1- 3 |  4- 6 |  7- 9 || total
---------------------------+-------+-------+-------++-------
   Fire: Shortbow          |    69 |   154 |   154 ||   377
    Use: Scroll            |     6 |     6 |     5 ||    17
         Potion            |     1 |     2 |     2 ||     5
 Armour: Leather armour    |    11 |    27 |       ||    38
         Ring mail         |       |       |    47 ||    47
  Dodge: Dodged            |    10 |    26 |    37 ||    73

Table legend:
 A = Non-vault XP
 B = Vault XP
 C = Vault XP percentage of total XP
 D = Non-vault monster count
 E = Vault monster count
 F = Vault count percentage of total count
                 A         B        C        D         E       F
            +---------+---------+-------+---------+---------+-------
      Total |    1662 |     452 |  21.4 |      92 |      44 |  32.4
            +---------+---------+-------+---------+---------+-------
        D:1 |      35 |       0 |   0.0 |      20 |       0 |   0.0
        D:2 |      33 |      51 |  60.7 |      14 |       3 |  17.6
        D:3 |      44 |      37 |  45.7 |      16 |      12 |  42.9
        D:4 |     127 |      92 |  42.0 |       9 |       4 |  30.8
        D:5 |     614 |       0 |   0.0 |      11 |       0 |   0.0
        D:6 |     515 |      18 |   3.4 |      17 |       9 |  34.6
        D:7 |     294 |       0 |   0.0 |       5 |       0 |   0.0
      Sewer |       0 |     254 | 100.0 |       0 |      16 | 100.0
            +---------+---------+-------+---------+---------+-------
